Map: Galactic Process LE

Players

Smiteyou - Winner!

  • Race: Protoss Protoss
  • League: Diamond
  • Spawn Location: 1:00

Fropez

  • Race: Protoss Protoss
  • League: Gold
  • Spawn Location: 7:00

VOD

Have the link to the VOD?

Description

Time

  • Played on: Nov. 13, 2016, 7:33 p.m.
  • Length: 15:01
Show
View Real Time Build Order
Export as new Build Order

Smiteyou Protoss - Winner!

Build Orders: Oracle Opening 

Get SALT Encoding   

  12  0:01  Probe (Chrono Boost)  
  13  0:11  Probe (Chrono Boost)  
  14  0:19  Pylon  
  14  0:22  Probe (Chrono Boost)  
  15  0:37  Probe (Chrono Boost)  
  15  0:39  Gateway  
  16  0:45  Assimilator  
  16  0:48  Probe (Chrono Boost)  
  17  1:00  Pylon  
  17  1:03  Assimilator  
  17  1:12  Probe (Chrono Boost)  
  18  1:21  Gateway  
  18  1:23  Probe (Chrono Boost)  
  19  1:35  Cybernetics Core  
  19  1:39  Probe (Chrono Boost)  
  20  1:58  Probe (Chrono Boost)  
  21  2:09  Probe (Chrono Boost)  
  21  2:11  Adept  
  21  2:12  Adept  
  26  2:17  Warp Gate  
  26  2:19  Probe (Chrono Boost)  
  27  2:38  Stargate  
  29  2:44  Mothership Core (Chrono Boost)  
  29  3:00  Nexus  
  29  3:29  Pylon  
  29  3:39  Stalker  
  31  3:47  Stalker, Oracle  
  36  3:57  Pylon  
  36  4:03  Robotics Facility  
  36  4:19  Gateway  
  36  4:20  Gateway  
  36  4:27  Probe (Chrono Boost)  
  36  4:28  Probe (Chrono Boost)  
  38  4:39  Probe x2 (Chrono Boost)  
  38  4:43  Pylon  
  40  4:49  Probe x2 (Chrono Boost)  
  42  5:06  Probe x2 (Chrono Boost)  
  44  5:10  Observer  
  44  5:14  Stalker  
  47  5:16  Probe x2 (Chrono Boost), Zealot  
  51  5:26  Forge  
  51  5:31  Forge, Immortal (Chrono Boost)  
  51  5:34  Probe x2 (Chrono Boost)  
  57  5:41  Adept  
  59  5:43  Adept  
  59  5:45  Probe (Chrono Boost)  
  62  5:52  Twilight Council  
  62  5:54  Probe  
  62  5:57  Probe  
  64  5:59  Pylon  
  64  6:02  Protoss Ground Weapons Level 1  
  64  6:05  Protoss Ground Armor Level 1  
  64  6:19  Immortal (Chrono Boost)  
  64  6:23  Void Ray  
  72  6:27  Stalker  
  74  6:34  Assimilator  
  74  6:36  Assimilator  
  74  6:40  Pylon  
  74  6:47  Blink  
  74  6:53  Warp Prism (Chrono Boost)  
  76  7:19  Pylon  
  75  7:27  Stalker  
  75  7:28  Stalker x3  
  80  7:38  Probe  
  80  7:39  Probe  
  79  7:49  Probe  
  80  7:52  Probe  
  81  7:59  Probe  
  81  8:04  Probe  
  83  8:10  Probe  
  84  8:15  Stalker  
  86  8:22  Pylon  
  86  8:23  Nexus  
  86  8:24  Pylon, Protoss Ground Weapons Level 2  
  86  8:26  Pylon  
  86  8:37  Gateway  
  86  8:39  Gateway  
  86  8:46  Gateway  
  86  9:10  Adept  
  86  9:11  Adept x3  
  94  9:38  Stalker x3  
  96  9:39  Stalker  
  93  10:10  Stalker x2  
  93  10:11  Stalker x3  
  88  10:23  Probe  
  88  10:24  Probe  
  83  10:34  Probe  
  83  10:36  Probe  
  83  10:44  Probe  
  83  10:48  Probe  
  85  10:55  Probe  
  86  11:01  Probe  
  86  11:02  Adept  
  86  11:03  Adept x2  
  93  11:04  Nexus  
  93  11:05  Probe  
  94  11:13  Probe  
  89  11:26  Stalker x2  
  93  11:37  Pylon  
  93  11:42  Probe  
  93  11:44  Probe  
  95  11:56  Probe  
  95  11:58  Stalker  
  98  12:13  Nexus  
  98  12:40  Zealot x5  
  98  12:41  Zealot x2  
  96  13:40  Zealot x2  
  96  13:41  Zealot x5  
  85  14:15  Stalker  
  85  14:16  Stalker x6  
  75  14:39  Probe x2  
  75  14:41  Probe  
Show
View Real Time Build Order
Export as new Build Order

Fropez Protoss 

Build Orders: 1 Gate Expand 

Get SALT Encoding   

  12  0:02  Probe (Chrono Boost)  
  13  0:16  Probe (Chrono Boost)  
  14  0:22  Pylon  
  14  0:26  Probe (Chrono Boost)  
  15  0:45  Probe (Chrono Boost)  
  15  0:46  Gateway  
  16  0:55  Probe (Chrono Boost)  
  17  0:58  Pylon  
  17  0:59  Assimilator  
  17  1:06  Probe (Chrono Boost)  
  18  1:16  Probe (Chrono Boost)  
  19  1:27  Probe (Chrono Boost)  
  20  1:37  Nexus  
  20  1:41  Assimilator  
  20  1:49  Cybernetics Core  
  20  1:53  Probe (Chrono Boost)  
  21  2:13  Probe (Chrono Boost)  
  22  2:23  Pylon  
  22  2:27  Mothership Core (Chrono Boost)  
  22  2:28  Warp Gate (Chrono Boost)  
  24  2:30  Adept  
  25  2:52  Probe (Chrono Boost)  
  25  2:53  Probe (Chrono Boost)  
  25  2:57  Stalker (Chrono Boost)  
  29  3:02  Probe (Chrono Boost)  
  29  3:03  Probe (Chrono Boost)  
  31  3:13  Probe  
  31  3:17  Gateway  
  31  3:18  Gateway  
  32  3:23  Probe  
  32  3:25  Pylon  
  33  3:29  Probe  
  33  3:32  Assimilator  
  34  3:35  Probe  
  34  3:38  Stalker (Chrono Boost)  
  37  3:47  Probe x2  
  39  3:57  Probe, Gateway  
  39  3:59  Probe  
  41  4:04  Stalker  
  41  4:06  Adept  
  45  4:11  Adept  
  47  4:27  Probe  
  47  4:28  Probe  
  47  4:29  Robotics Facility  
  49  4:38  Probe  
  50  4:59  Probe  
  51  5:02  Pylon  
  51  5:15  Gateway  
  51  5:17  Observer (Chrono Boost)  
  52  5:25  Probe  
  52  5:26  Probe  
  54  5:29  Robotics Bay  
  54  5:33  Assimilator  
  54  5:34  Pylon  
  56  5:35  Warp Prism (Chrono Boost)  
  56  5:36  Pylon  
  56  5:38  Probe  
  56  5:40  Probe  
  58  5:43  Forge  
  58  6:03  Stalker x3  
  58  6:04  Stalker  
  66  6:09  Probe  
  66  6:11  Probe  
  68  6:21  Gateway  
  68  6:27  Zealot  
  68  6:28  Zealot x3  
  76  6:33  Warp Prism (Chrono Boost)  
  76  6:39  Protoss Ground Weapons Level 1  
  78  6:42  Gravitic Drive  
  78  6:55  Twilight Council, Gateway  
  78  7:08  Adept  
  78  7:09  Adept x3  
  78  7:12  Nexus  
  78  7:15  Pylon  
  86  7:39  Blink  
  82  7:47  Pylon  
  82  7:49  Pylon  
  78  7:56  Stalker x2  
  78  7:57  Stalker x4  
  89  8:09  Probe  
  89  8:10  Probe  
  91  8:23  Gateway  
  91  8:25  Gateway  
  91  8:27  Pylon  
  91  8:45  Assimilator  
  89  8:49  Assimilator  
  89  8:50  Protoss Ground Armor Level 1  
  89  8:53  Colossus (Chrono Boost)  
  95  8:56  Zealot x4  
  95  8:57  Zealot x2  
  107  9:18  Pylon  
  107  9:20  Pylon  
  107  9:31  Templar Archives  
  107  9:34  Adept  
  107  9:35  Adept x3  
  107  9:36  Adept x2  
  107  9:37  Adept x2  
  89  10:33  Nexus  
  89  10:34  Zealot x3  
  89  10:35  Zealot x6  
  95  10:58  Assimilator  
  95  10:59  Gateway  
  95  11:01  High Templar  
  95  11:02  High Templar x3  
  103  11:05  High Templar x2  
  103  11:06  High Templar  
  103  11:10  Extended Thermal Lance  
  109  11:22  Archon x2  
  109  11:23  Archon  
  109  11:37  Zealot x4  
  109  11:39  Zealot  
  119  11:53  Charge  
  119  11:54  Protoss Ground Weapons Level 2  
  119  12:02  Probe x2  
  119  12:04  Probe  
  112  12:13  Probe x2  
  114  12:16  Probe  
  115  12:23  High Templar x3  
  115  12:24  High Templar x4  
  115  12:25  High Templar  
  131  12:53  Pylon  
  131  12:54  Pylon  
  105  13:18  High Templar x3  
  105  13:19  Zealot x2  
  101  13:20  Zealot x4  
  101  13:22  Archon  
  93  13:36  Archon x4  
  89  13:47  Zealot  
  89  13:48  Zealot  
  93  13:57  Pylon  
  93  13:59  Pylon  
  93  14:01  Pylon  
  72  14:15  Zealot x2  
  72  14:16  Zealot x4  
  72  14:17  Zealot  
  39  14:43  Zealot  
  39  14:44  Zealot x2  
Tags
 
Add a new tag
Caveats
  • Supply blocks, unpowered buildings, or Contaminate may cause inaccurate times.
  • Supply counts are checked every 10 seconds.